 Dungeon Crawl Stone Soup version 0.24.0-13-gcf9b3192b9 (webtiles) character file.

Game seed: 3801188981818488153, levelgen mode: deterministic

2151 mopl the Covert (level 9, -2/49 HPs)
             Began as a Deep Elf Assassin on Nov 8, 2019.
             Was a Follower of Nemelex Xobeh.
             Shot with a sling bullet by Joseph (8 damage)
             ... on level 7 of the Dungeon.
             The game lasted 00:19:02 (9661 turns).

mopl the Covert (Deep Elf Assassin)                 Turns: 9661, Time: 00:19:03

Health: -2/49      AC:  4    Str:  8    XL:     9   Next: 10%
Magic:  13/13      EV: 12    Int: 17    God:    Nemelex Xobeh [*.....]
Gold:   566        SH:  0    Dex: 19    Spells: 8/8 levels left

rFire    + . .     SeeInvis +   a - +1 short sword (drain)
rCold    . . .     Gourm    .   (no shield)
rNeg     . . .     Faith    .   y - +0 robe {rF+}
rPois    .         Spirit   .   p - +0 helmet
rElec    .         Reflect  .   f - +0 cloak
rCorr    .         Harm     .   (no gloves)
MR       +....                  (no boots)
Stlth    +++++.....             (no amulet)
HPRegen  0.16/turn              j - ring of protection from magic
MPRegen  0.13/turn              n - ring of see invisible

@: no status effects
A: no striking features
a: Draw Escape, Draw Destruction, Draw Summoning, Renounce Religion


You were on level 7 of the Dungeon.
You worshipped Nemelex Xobeh.
Nemelex Xobeh was aware of your devotion.
You were hungry.

You visited 2 branches of the dungeon, and saw 8 of its levels.
You also visited: Ossuary.

You collected 566 gold pieces.

Inventory:

Hand Weapons
 a - a +1 short sword of draining (weapon)
 b - a +5 dagger
 s - a +0 rapier
 A - a +0 dagger of freezing
Missiles
 e - 2 throwing nets
 i - 3 boomerangs
 r - 2 curare-tipped darts
 t - 26 poisoned darts (quivered)
Armour
 f - a +0 cloak (worn)
 p - a +0 helmet (worn)
 y - a +0 robe of fire resistance (worn)
Jewellery
 j - a ring of protection from magic (left hand)
 n - a ring of see invisible (right hand)
Wands
 D - a wand of disintegration (11)
Scrolls
 o - a scroll of holy word {unknown}
 v - a scroll of immolation {unknown}
 w - 3 scrolls of remove curse
 x - a scroll of amnesia
 z - a scroll of enchant armour {unknown}
 B - a scroll of fog
 C - a scroll of teleportation
 G - 2 scrolls of magic mapping {unknown}
Potions
 d - 4 potions of lignification {unknown}
 g - 2 potions of heal wounds
 h - 2 potions of might
 k - 3 potions of flight
 l - 3 potions of haste
 m - 4 potions of resistance {unknown}
 q - 2 potions of magic
 u - 6 potions of curing
 E - a potion of ambrosia
 F - 3 potions of brilliance
Comestibles
 c - 8 rations


   Skills:
 + Level 2.8 Fighting
 * Level 7.3 Short Blades
 + Level 5.3 Throwing
 - Level 1.2 Dodging
 * Level 10.3 Stealth
 + Level 3.6 Invocations


You had 8 spell levels left.
You didn't know any spells.
Your spell library was empty.

Dungeon Overview and Level Annotations

Branches:
Dungeon (7/15)             Temple (1/1) D:4         Ossuary (visited)

Altars:
Ashenzari
Cheibriados
Elyvilon
Gozag
Hepliaklqana
Kikubaaqudgha
Makhleb
Nemelex Xobeh
Okawaru
Qazlal
Ru
Sif Muna
Trog
Uskayaw
Vehumet
Xom
Yredelemnul
Zin
The Shining One

Annotations:
D:4 1 runed translucent door, Daviar's ghost, novice OpHu
D:7 Joseph


Message History

Press: ? - help, Shift-Dir - straight line, f/p - Joseph
Aim: Joseph, wielding a +2 hunting sling of freezing and wearing a +0 ring mail (poisoned)
You throw a poisoned dart. The poisoned dart hits Joseph!
Joseph looks as sick as possible!
Joseph shoots a sling bullet.
The sling bullet hits you. The sling bullet freezes you.
You see here a sling bullet.
Throwing (i - inventory. (/) - cycle)
t - 27 poisoned darts (quivered)
Press: ? - help, Shift-Dir - straight line, f/p - Joseph
Aim: Joseph, wielding a +2 hunting sling of freezing and wearing a +0 ring mail (moderately wounded, poisoned)
You throw a poisoned dart. The poisoned dart hits Joseph!
Joseph looks as sick as possible!
Joseph is moderately wounded.
Joseph shoots a sling bullet.
The sling bullet hits you!
* * * LOW HITPOINT WARNING * * *
The sling bullet freezes you.
* * * LOW HITPOINT WARNING * * *
Joseph shoots a sling bullet.
The sling bullet hits you!
You die...
Your body disappears without a glow.

...............#.#...#
#...####.#..####.#.#.#
#...# #.............#
#...# ###..####.#.#.#
#... #..# #.#.#.#
#..####.#.#.##
.............#
.#####.#.#.## #@#.#.#
#.#.#.# #.#.#.#
###########.#.#.##
........(........#
######.##.#######
#.##.# ########.##@#
............#


You could see Joseph.

Vanquished Creatures
  Sigmund (D:2)
  Eustachio (D:5)
  A sky beast (D:6)
  A phantom (D:6)
  3 bullfrogs
  Blork the orc (D:5)
  A scorpion (D:7)
  4 wights (D:6)
  4 crimson imps
  5 orc priests
  A hound (D:7)
  2 jellies
  A gnoll shaman (D:6)
  3 orc wizards
  An iguana (D:5)
  8 worker ants
  8 mummies (Ossuary)
  9 gnolls
  2 adders
  An adder zombie (D:6)
  3 dart slugs
  A leopard gecko (D:4)
  25 orcs
  4 bats (D:1)
  A giant cockroach (D:6)
  10 goblins
  5 hobgoblins
  4 jackals (D:1)
  2 quokkas
  A ball python (D:1)
  4 frilled lizards
  A hobgoblin zombie (Ossuary)
  A jackal skeleton (D:4)
  5 kobolds
  4 kobold zombies (Ossuary)
  3 orc zombies (Ossuary)
  A quokka skeleton (D:5)
  4 rats
137 creatures vanquished.

Vanquished Creatures (collateral kills)
  Duvessa (D:5)
  An ice beast (D:5)
  A bullfrog (D:6)
  Dowan (D:5)
  A hound (D:5)
5 creatures vanquished.

Grand Total: 142 creatures vanquished

Notes
Turn   | Place    | Note
-------+----------+-------------------------------------------
     0 | D:1      | mopl the Deep Elf Assassin began the quest for the Orb.
     0 | D:1      | Reached XP level 1. HP: 12/12 MP: 3/3
    59 | D:1      | Reached skill level 5 in Stealth
   360 | D:1      | Reached XP level 2. HP: 8/16 MP: 4/4
  1557 | D:2      | Reached XP level 3. HP: 20/20 MP: 5/5
  1699 | D:2      | Noticed Sigmund
  1704 | D:2      | Killed Sigmund
  1704 | D:2      | Reached skill level 6 in Stealth
  1704 | D:2      | Reached XP level 4. HP: 25/25 MP: 6/6
  1704 | D:2      | Reached XP level 5. HP: 29/29 MP: 7/7
  1787 | D:2      | Found a basalt altar of Yredelemnul.
  1876 | D:2      | Reached skill level 7 in Stealth
  1876 | D:2      | Reached XP level 6. HP: 34/34 MP: 8/8
  1941 | D:3      | Found a shimmering blue altar of Sif Muna.
  2034 | D:3      | Found a hide-covered altar of Uskayaw.
  2240 | D:3      | Found a bloodstained altar of Trog.
  2822 | D:3      | Found a snail-covered altar of Cheibriados.
  3600 | D:4      | Reached skill level 5 in Short Blades
  3600 | D:4      | Reached XP level 7. HP: 18/38 MP: 9/9
  4071 | D:4      | Found a runed translucent door.
  4075 | D:4      | Noticed Daviar's ghost (novice OpHu)
  4154 | D:4      | Found a staircase to the Ecumenical Temple.
  4160 | D:4      | Reached skill level 8 in Stealth
  4201 | Temple   | Entered the Ecumenical Temple
  4256 | Temple   | Became a worshipper of Nemelex Xobeh the Trickster
  4546 | D:4      | Received a gift from Nemelex Xobeh
  4841 | D:5      | Entered Level 5 of the Dungeon
  5349 | D:5      | Noticed Dowan
  5349 | D:5      | Noticed Duvessa
  5357 | D:5      | Killed Duvessa
  5357 | D:5      | Reached skill level 1 in Invocations
  5365 | D:5      | Killed Dowan
  5677 | D:5      | Received a gift from Nemelex Xobeh
  5687 | D:5      | Noticed Blork the orc
  5702 | D:5      | Killed Blork the orc
  6038 | D:5      | Noticed Eustachio
  6247 | D:5      | Killed Eustachio
  6247 | D:5      | Reached XP level 8. HP: 28/43 MP: 11/11
  6380 | D:5      | Reached skill level 9 in Stealth
  6803 | D:6      | Found a sand-covered staircase.
  6810 | Ossuary  | Entered an ossuary
  8160 | D:6      | Reached * piety under Nemelex Xobeh
  8524 | D:6      | Reached skill level 5 in Throwing
  8543 | D:6      | Reached skill level 10 in Stealth
  8735 | D:6      | Reached XP level 9. HP: 24/49 MP: 13/13
  8924 | D:6      | HP: 1/49 [gnoll/+0 whip (10)]
  9634 | D:7      | Noticed Joseph
  9661 | D:7      | Shot with a sling bullet by Joseph

Levels and vault maps discovered:
D:1:      dpeg_arrival_central, layout_basic
D:2:      layout_rooms, lemuel_round_altar, uniq_sigmund
D:3:      layout_loops_ring, nicolae_overflow_hidden_temple,
          lemuel_coloured_pillars_altar, lemuel_crystal_altar,
          eat_drink_and_be_merry_uskayaw
D:4:      layout_basic, minmay_temple_entry_stoned_glass, first_ration,
          gammafunk_ghost_grave, bh_walls_and_bars
D:5:      layout_cave_pods, uniq_duvessa, uniq_eustachio, uniq_blork_the_orc
D:6:      layout_rooms, nicolae_ossuary_entry_false_entrances
D:7:      layout_basic, uniq_joseph
Temple:   nicolae_temple_great_sept

Skill      XL: |  1  2  3  4  5  6  7  8 |
---------------+-------------------------+-----
Stealth        | 5 6 7 8 10 | 10.3
Short Blades   | 3 4 5 6 7 |  7.3
Throwing       | 3 4 5 |  5.3
Invocations    | 1 3 |  3.6
Fighting       | 2 |  2.8
Dodging        | |  1.2

Action                   |  1- 3 |  4- 6 |  7- 9 || total
-------------------------+-------+-------+-------++-------
Melee: Dagger            |    89 |    19 |     1 ||   109
       Rapier            |       |    79 |   236 ||   315
       Short sword       |       |     6 |   252 ||   258
Throw: Dart              |    10 |    21 |    50 ||    81
       Boomerang         |       |     4 |    18 ||    22
       Throwing net      |       |     2 |     4 ||     6
 Abil: Draw Summoning    |       |       |     2 ||     2
       Draw Destruction  |       |       |     7 ||     7
  Use: Scroll            |     3 |     6 |     6 ||    15
       Potion            |       |       |     1 ||     1
 Stab: Sleeping          |     5 |     3 |     8 ||    16
       Held in net/web   |       |     2 |     3 ||     5
  Eat: Chunk             |     2 |     6 |     9 ||    17
       Ration            |       |       |     3 ||     3
Armor: Robe              |    31 |    12 |    91 ||   134
Dodge: Dodged            |    57 |    43 |   226 ||   326
